 Dungeon Crawl Stone Soup version 0.22.0-32-gbc6daba (webtiles) character file.

728 iamserjio the Grappler (level 7, 0/66 HPs)
             Began as a Troll Fighter on Aug 23, 2018.
             Splashed by a jelly's acid (4 damage)
             ... on level 5 of the Dungeon.
             The game lasted 00:05:49 (796 turns).

iamserjio the Grappler (Troll Fighter)               Turns: 796, Time: 00:05:50

Health: 0/66       AC: -3    Str: 25    XL:     7   Next: 44%
Magic:  6/6        EV:  8    Int:  6    God:
Gold:   66         SH:  8    Dex:  9    Spells: 6/6 levels left

rFire    . . .     SeeInvis .     - Unarmed
rCold    . . .     Gourm    +   b - +0 shield
rNeg     . . .     Faith    .   a - +0 robe
rPois    .         Spirit   .   (helmet restricted)
rElec    .         Reflect  .   (no cloak)
rCorr    .         Harm     .   (gloves unavailable)
MR       .....                  (boots unavailable)
Stlth    +.........             (no amulet)
HPRegen  0.61/turn              (no ring)
MPRegen  0.10/turn              (no ring)

@: corroded
A: large, unfitting armour, claws 3, fast metabolism 3, gourmand, regeneration
1, shaggy fur 1, tough skin 2
a: no special abilities


You were on level 5 of the Dungeon.
You were very full.

You visited 2 branches of the dungeon, and saw 7 of its levels.

You collected 66 gold pieces.

Inventory:

Hand Weapons
 e - a +4 flail
 h - a +2 flail of holy wrath
Armour
 a - a +0 robe (worn)
 b - a +0 shield (worn)
Jewellery
 m - an uncursed ring of protection from cold {unknown}
 r - the ring of the Purple Skies {rF+ Str+2 Int-4 Stlth-, unknown}
   (You found it on level 5 of the Dungeon)

   [ring of attention]

   It affects your strength (+2).
   It affects your intelligence (-4).
   It protects you from fire.
   It makes you less stealthy.
Wands
 o - a wand of digging (14)
Scrolls
 j - 3 scrolls of remove curse {@r2}
 l - 2 scrolls of amnesia
 n - a scroll of fog {unknown}
 p - 2 scrolls of teleportation {unknown}
 q - 4 scrolls of identify {@r1}
Potions
 c - a potion of might
 f - a potion of curing {@q1}
 i - a potion of lignification {unknown}
 k - a potion of degeneration {unknown}
Comestibles
 d - 5 rations
 g - a chunk of flesh


   Skills:
 - Level 2.4 Fighting
 - Level 2.4 Dodging
 - Level 2.4 Shields
 + Level 8.5 Unarmed Combat


You had 6 spell levels left.
You didn't know any spells.
Your spell library was empty.

Dungeon Overview and Level Annotations

Branches:
Dungeon (6/15)             Temple (1/1) D:4

Altars:
Ashenzari
Fedhas
Kikubaaqudgha
Okawaru
Ru
Sif Muna
Trog
Uskayaw
Yredelemnul


Innate Abilities, Weirdness & Mutations

You are too large for most types of armour.
You have claws for hands.
Your metabolism is lightning-fast.
You like to eat raw meat.
Your natural rate of healing is unusually fast.
You are covered in fur. (AC +1)
You have very tough skin. (AC +2)


Message History

You claw the leopard gecko zombie!
You destroy the leopard gecko zombie!
You completely miss the jelly. You block the jelly's attack.
You claw the jelly!
Your claws burn!
* * * LOW HITPOINT WARNING * * *
The jelly is severely wounded.
The jelly hits you.
* * * LOW HITPOINT WARNING * * *
You are splashed with acid!
The acid burns!
* * * LOW HITPOINT WARNING * * *
It was a potion of curing.
You feel better.
The crimson imp blinks!
The jelly hits you.
* * * LOW HITPOINT WARNING * * *
The acid corrodes you!
You are splashed with acid!
The acid burns!
* * * LOW HITPOINT WARNING * * *
You scratch the jelly. The acid corrodes you!
Your claws burn!
You die...

## #. #. #. ##.##
##...#### ...#>...#
#...##.#############
##.###...cJ@.......#
###.(.....ยง########.#
.........(.#
##.....(..####
#.....(..5...#
S..........##.#
.....5.....# #
####<......#
#.#.#......


You could see a centaur, a jelly and a crimson imp.

Vanquished Creatures
  A hippogriff (D:4)
  Edmund (D:4)
  A sky beast (D:6)
  2 scorpions (D:4)
  A bullfrog zombie (D:6)
  2 hounds (D:4)
  A centaur skeleton (D:6)
  Natasha (D:4)
  A worker ant (D:5)
  A mummy (D:6)
  3 adders
  A shadow imp (D:5)
  An adder skeleton (D:4)
  A worm (D:4)
  3 giant cockroaches
  A hobgoblin (D:1)
  4 jackals
  A kobold (D:1)
  A quokka (D:4)
  2 bats
  A frilled lizard (D:1)
  4 goblins
  A leopard gecko zombie (D:5)
  2 orc zombies (D:6)
  3 rats (D:1)
41 creatures vanquished.

Notes
Turn   | Place    | Note
-------+----------+-------------------------------------------
     0 | D:1      | iamserjio the Troll Fighter began the quest for the Orb.
     0 | D:1      | Reached XP level 1. HP: 22/22 MP: 0/0
    82 | D:1      | Reached XP level 2. HP: 29/29 MP: 1/1
   213 | D:3      | Reached skill level 3 in Unarmed Combat
   223 | D:3      | Found an iron altar of Okawaru.
   300 | D:4      | Reached XP level 3. HP: 36/36 MP: 2/2
   319 | D:4      | Reached skill level 4 in Unarmed Combat
   325 | D:4      | Noticed a scorpion
   332 | D:4      | Reached XP level 4. HP: 34/44 MP: 3/3
   338 | D:4      | Reached skill level 5 in Unarmed Combat
   349 | D:4      | Noticed Edmund
   350 | D:4      | Noticed a hippogriff
   362 | D:4      | Killed Edmund
   362 | D:4      | Reached skill level 6 in Unarmed Combat
   362 | D:4      | Reached XP level 5. HP: 36/50 MP: 4/4
   369 | D:4      | Killed a hippogriff
   369 | D:4      | Reached skill level 7 in Unarmed Combat
   369 | D:4      | Reached XP level 6. HP: 30/59 MP: 5/5
   400 | D:4      | Found a staircase to the Ecumenical Temple.
   412 | Temple   | Entered the Ecumenical Temple
   458 | D:4      | Noticed Natasha
   462 | D:4      | Killed Natasha
   481 | D:4      | You fall through a shaft for 2 floors!
   576 | D:6      | Noticed a sky beast
   578 | D:6      | Killed a sky beast
   578 | D:6      | Reached skill level 8 in Unarmed Combat
   578 | D:6      | Reached XP level 7. HP: 66/66 MP: 6/6
   606 | D:6      | Found a sand-covered staircase.
   733 | D:5      | Entered Level 5 of the Dungeon
   760 | D:5      | Got a bound pewter ring
   794 | D:5      | HP: 2/66 [acid (6)]
   796 | D:5      | Splashed by a jelly's acid

Skill      XL: |  1  2  3  4  5  6 |
---------------+-------------------+-----
Unarmed Combat | 3 4 6 7 8 |  8.5
Fighting       | |  2.4
Dodging        | |  2.4
Shields        | |  2.4

Action                   |  1- 3 |  4- 6 |  7- 9 || total
-------------------------+-------+-------+-------++-------
Melee: Unarmed           |    60 |    33 |    41 ||   134
  Use: Scroll            |     3 |       |       ||     3
       Potion            |       |     1 |     1 ||     2
  Eat: Chunk             |     3 |     6 |     3 ||    12
Armor: Robe              |    22 |     4 |    15 ||    41
Dodge: Dodged            |    13 |    12 |     5 ||    30
Block: Shield            |    24 |    12 |    12 ||    48
